 Dungeon Crawl Stone Soup version 0.31-a0-165-g3f4f80340b (webtiles) character file.

Game seed: 10058238206521016353

91 qw the Shooter (level 4, 0/28 HPs)
             Began as a Gargoyle Hunter on June 13, 2023.
             Slain by a gnoll
             ... wielding a +0 flail
              (1 damage)
             ... on level 3 of the Dungeon.
             The game lasted 00:00:38 (1759 turns).

qw the Shooter (Gargoyle Hunter)                    Turns: 1759, Time: 00:00:39

Health: 0/28       AC:  8    Str: 13 (15) XL:     4   Next: 57%
Magic:  4/4        EV: 10    Int:  7 (9)  God:
Gold:   64         SH:  0    Dex: 15      Spells: 3/3 levels left

rFire   . . .        Y - +1 shortbow
rCold   . . .        (shield currently unavailable)
rNeg    + . .        b - +0 ring mail
rPois   inf          (no helmet)
rElec   +            (no cloak)
rCorr   .            (no gloves)
SInv    .            (no boots)
Will    .....        (no amulet)
Stlth   +            (no ring)
HPRegen 0.24/turn    (no ring)
MPRegen 0.09/turn

%: no passive effects
@: no status effects
A: sickness immunity, AC +3, negative energy resistance 1, electricity
resistance, torment resistance 1, petrification resistance
a: no special abilities


You were on level 3 of the Dungeon.
You visited 1 branch of the dungeon, and saw 3 of its levels.

You collected 112 gold pieces.
You spent 48 gold pieces at shops.


Innate Abilities, Weirdness & Mutations

You are immune to sickness and miasma.
Your stone body is resilient. (AC +3)
You are immune to poison.
You resist negative energy. (rN+)
You are resistant to electric shocks. (rElec)
You are resistant to unholy torment.
You are immune to petrification.


   Skills:
 - Level 3.0 Fighting
 + Level 5.3 Ranged Weapons
 - Level 1.0 Armour
 - Level 1.5 Dodging
 - Level 1.1 Stealth


You had 3 spell levels left.
You didn't know any spells.
Your spell library was empty.

Inventory:

Hand Weapons
 Y - a +1 shortbow (weapon)
Armour
 b - a +0 ring mail (worn)
Jewellery
 d - the amulet of the Uplifting Genius {Regen+ MP+9 Int+2}
   (You found it on level 3 of the Dungeon)

   [amulet of regeneration]

   Int:       It affects your intelligence (+2).
   MP:        It affects your magic capacity (+9).
   Regen:     It increases your rate of health regeneration.
Scrolls
 a - 2 scrolls of identify
Potions
 c - a potion of brilliance {unknown}
 e - 2 potions of curing {unknown}
 h - a potion of heal wounds {unknown}

Dungeon Overview and Level Annotations

Branches:
Dungeon (3/15)

Altars:

Shops:
D:2 !(:([


Message History

You hear a shout! x3
A bat comes into view.
An orc comes into view. It is wielding a +0 mace.
You shoot an arrow. The orc shouts!
The arrow hits the ball python!
You kill the ball python!
You shoot an arrow. The arrow misses the bat.
The arrow barely misses the gnoll.
The arrow hits the gnoll!
The gnoll is heavily wounded.
The bat closely misses you. The bat barely misses you.
You shoot an arrow. The arrow barely misses the bat.
The bat hits you but does no damage. x2
An orc wizard comes into view. It is wielding a +0 dagger.
You shoot an arrow.
The arrow hits the gnoll but does no damage.
The bat hits you but does no damage. The gnoll completely misses you.
You shoot an arrow. The arrow completely misses the gnoll.
The arrow hits the orc.
The orc is heavily wounded.
The bat barely misses you. The gnoll hits you but does no damage.
The gnoll hits you with a +0 flail.
An orc comes into view. It is wielding a +0 dagger.
You shoot an arrow. The arrow hits the gnoll!
You kill the gnoll!
The gnoll hits you with a +0 flail! The orc barely misses you.
You feel your intelligence returning.
You shoot an arrow. The arrow closely misses the orc.
The gnoll hits you with a +0 flail!
An orc comes into view. It is wielding a +0 club.
The orc hits you with a +0 mace. The orc closely misses you.
The gnoll closely misses you.
You shoot an arrow. The arrow closely misses the orc.
The orc shouts!
The gnoll closely misses you. The orc wizard casts a spell at you.
The magic dart hits you. The orc barely misses you.
You shoot an arrow. The arrow closely misses the orc.
The orc barely misses you. The gnoll hits you with a +0 flail.
You die...

#.... #.####.....#
#....####.##.......#
#.........#.)#......
#............#..#.#.
#....#....#......... .
##....#.........###..
... .......##.##...# ##
.....#o###....####.# #
.o.>o.o@.#....?..#.####.
......g#....####........
.......##.#.............
........................
##...%....../........#..
#.....#................
#.....#.............###
#.....##............#
### ############.#


You could see an orc wizard, a gnoll and 3 orcs.

Vanquished Creatures
  A gnoll (D:3)
  3 adders
  A worm (D:3)
  A dart slug (D:1)
  8 endoplasms
  4 giant cockroaches (D:2)
  A goblin (D:1)
  4 hobgoblins
  2 jackals (D:1)
  3 kobolds
  4 quokkas
  2 ball pythons
  2 bats
  5 frilled lizards
  6 rats
47 creatures vanquished.

Notes
Turn   | Place    | Note
-------+----------+-------------------------------------------
     0 | D:1      | qw the Gargoyle Hunter began the quest for the Orb.
     0 | D:1      | Reached XP level 1. HP: 12/12 MP: 1/1
     0 | D:1      | 0 ||| qw: Version: 0.2-a-29-gc1b59c4
     0 | D:1      | 0 ||| qw: Game counter: 4809
     0 | D:1      | 0 ||| qw: Always use a shield: true
     0 | D:1      | 0 ||| qw: God list: Okawaru
     0 | D:1      | 0 ||| qw: Allow faded altars: false
     0 | D:1      | 0 ||| qw: Do Orc after D:15 true
     0 | D:1      | 0 ||| qw: Do second Lair branch before Depths: true
     0 | D:1      | 0 ||| qw: Lair rune preference: random
     0 | D:1      | 0 ||| qw: Plans: Normal, Zot:1-4, Slime:5, God:TSO, Crypt,
                  | Tomb, Abyss, Pan, Hells, Win
     0 | D:1      | 0 ||| PLANNING D:1-11
   296 | D:1      | Reached XP level 2. HP: 17/17 MP: 2/2
   653 | D:1      | Found a faded altar of an unknown god.
   690 | D:1      | Reached XP level 3. HP: 21/21 MP: 3/3
   758 | D:1      | Reached skill level 5 in Ranged Weapons
   813 | D:1      | 813 ||| READING scroll labelled LUBEDW FIODE.
   814 | D:1      | 814 ||| READING 2 scrolls labelled ZOIJECHEUKETT.
   815 | D:1      | 815 ||| READING scroll labelled LOYSSOI KAIDE.
   816 | D:1      | 816 ||| READING scroll labelled CUUTIF BEPHO.
   817 | D:1      | 817 ||| READING scroll labelled KENTUR ZURR.
   822 | D:1      | 822 ||| READING 3 scrolls labelled CAMEZA QIAS.
   823 | D:1      | 823 ||| READING scroll labelled ZILALU RIQE.
   924 | D:1      | 924 ||| DRINKING 2 white potions.
   925 | D:1      | 925 ||| DROPPING scroll of butterflies.
   926 | D:1      | 926 ||| DROPPING potion of degeneration.
   927 | D:1      | 927 ||| DROPPING scroll of fear.
   928 | D:1      | 928 ||| DROPPING 2 scrolls of amnesia.
   992 | D:2      | Found Edustok's Antique Weapon Boutique.
  1007 | D:2      | 1007 ||| SHOPLISTING ebony sling (201 gold, have 52).
  1023 | D:2      | Found Ateol's Armour Boutique.
  1031 | D:2      | 1031 ||| SHOPLISTING +0 pair of boots (54 gold, have 52).
  1031 | D:2      | 1031 ||| BUYING +0 ring mail (48 gold).
  1031 | D:2      | Bought a +0 ring mail for 48 gold pieces
  1031 | D:2      | 1031 ||| SHOPLISTING +2 pair of gloves (198 gold, have 4).
  1150 | D:2      | Found Tuyguu's Weapon Shop.
  1215 | D:2      | Reached skill level 3 in Fighting
  1353 | D:2      | Found Abiattay's Distillery.
  1360 | D:2      | 1360 ||| SHOPLISTING potion of heal wounds (70 gold, have
                  | 13).
  1360 | D:2      | 1360 ||| SHOPLISTING potion of mutation (112 gold, have
                  | 13).
  1381 | D:2      | Found Ykkugham's Book Boutique.
  1467 | D:2      | Reached XP level 4. HP: 22/28 MP: 4/4
  1557 | D:2      | 1557 ||| UPGRADING to +0 ring mail.
  1567 | D:2      | 1567 ||| DROPPING +0 leather armour.
  1568 | D:2      | 1568 ||| READING scroll labelled LYLUTI VAASHRU.
  1684 | D:3      | Reached skill level 1 in Armour
  1717 | D:3      | Identified the amulet of the Uplifting Genius {Regen+ MP+9
                  | Int+2}
  1757 | D:3      | HP: 7/28 [gnoll/+0 flail (11)]
  1757 | D:3      | HP: 3/28 [orc/+0 mace (4)]
  1758 | D:3      | HP: 1/28 [orc wizard/magic dart (2)]
  1759 | D:3      | Slain by a gnoll

Levels and vault maps discovered:
D:1:      minmay_arrival_split_and_join, layout_loops_corners,
          ebering_ecumenical_altar_webs
D:2:      layout_basic, serial_shops, shop, nicolae_shop_tiny_statue_garden,
          shop, shop, nicolae_shop_advertising_works
          [nicolae_subvault_shop_adworks], st_stairs_10, patterned_corridor
D:3:      layout_rooms, tgw_xom, lemuel_coloured_pillars_altar

Skill      XL: |  1  2  3  4 |
---------------+-------------+-----
Ranged Weapons | 5 |  5.3
Fighting       | 3 |  3.0
Armour         | 1 |  1.0
Dodging        | |  1.5
Stealth        | |  1.1

Action                     |  1- 3 |  4- 6 || total
---------------------------+-------+-------++-------
   Fire: Shortbow          |   113 |    31 ||   144
    Use: Scroll            |     7 |     1 ||     8
         Potion            |     1 |       ||     1
 Armour: Leather armour    |    23 |       ||    23
         Ring mail         |       |     9 ||     9
  Dodge: Dodged            |    25 |    17 ||    42

Table legend:
 A = Non-vault XP
 B = Vault XP
 C = Vault XP percentage of total XP
 D = Non-vault monster count
 E = Vault monster count
 F = Vault count percentage of total count
                 A         B        C        D         E       F
            +---------+---------+-------+---------+---------+-------
      Total |     126 |       4 |   3.1 |      45 |       2 |   4.3
            +---------+---------+-------+---------+---------+-------
        D:1 |      39 |       0 |   0.0 |      23 |       0 |   0.0
        D:2 |      47 |       4 |   7.8 |      15 |       2 |  11.8
        D:3 |      40 |       0 |   0.0 |       7 |       0 |   0.0
            +---------+---------+-------+---------+---------+-------
